 Dungeon Crawl Stone Soup version 0.21.1-1-g345015f (webtiles) character file.

117 pk666 the Magician (level 4, -2/24 HPs)
             Began as a Deep Elf Wizard on Feb 13, 2018.
             Killed from afar by an orc wizard (3 damage)
             ... with a magic dart
             ... on level 3 of the Dungeon.
             The game lasted 00:10:55 (2660 turns).

pk666 the Magician (Deep Elf Wizard)                Turns: 2660, Time: 00:10:55

Health: -2/24      AC:  5    Str:  4    XL:     4   Next: 71%
Magic:  1/13       EV: 13    Int: 24    God:
Gold:   82         SH:  0    Dex: 13    Spells: 4/13 levels left

rFire    . . .     SeeInvis .   m - +0 dagger
rCold    . . .     Gourm    .   (no shield)
rNeg     . . .     Faith    .   a - +0 robe
rPois    .         Spirit   .   b - +0 hat
rElec    .         Reflect  .   k - +2 cloak {MR+}
rCorr    .         Harm     .   (no gloves)
MR       ++...                  (no boots)
Stlth    ++........             (no amulet)
HPRegen  0.08/turn              j - ring of flight
MPRegen  0.13/turn              n - ring of protection from magic

@: drained
A: no striking features
a: Evoke Flight


You were on level 3 of the Dungeon.
You were not hungry.

You visited 1 branch of the dungeon, and saw 3 of its levels.

You collected 82 gold pieces.

Inventory:

Hand Weapons
 m - a +0 dagger (weapon)
Armour
 a - a +0 robe (worn)
 b - a +0 hat (worn)
 k - a +2 cloak of magic resistance (worn)
 t - a +0 hat
Jewellery
 j - a ring of flight (left hand)
 n - a ring of protection from magic (right hand)
Wands
 s - a wand of random effects (29)
Scrolls
 e - a scroll of blinking {unknown}
 f - a scroll of magic mapping {unknown}
 g - 5 scrolls of teleportation {unknown}
 l - a scroll of immolation {unknown}
 o - 2 scrolls of enchant weapon {unknown}
 r - 2 scrolls of remove curse {unknown}
Potions
 h - a potion of resistance {unknown}
 p - a potion of brilliance {unknown}
 q - a potion of flight {unknown}
Books
 c - a book of Minor Magic

   Spells                             Type                      Level
   a - Magic Dart                     Conjuration                  1
   b - Blink                          Translocation                2
   c - Call Imp                       Summoning                    2
   d - Slow                           Hexes                        2
   e - Conjure Flame                  Conjuration/Fire             3
   f - Mephitic Cloud                 Conjuration/Poison/Air       3
Comestibles
 d - 4 rations
 i - 4 chunks of flesh


   Skills:
 + Level 1.1(0.8) Short Blades
 + Level 3.3(3.0) Dodging
 - Level 2.4(2.1) Stealth
 * Level 5.2(4.8) Spellcasting
 * Level 2.4(2.1) Conjurations
   Level 1.1(0.8) Summonings
 - Level 1.1(0.8) Translocations
 * Level 1.0(0.8) Fire Magic
 * Level 1.1(0.8) Air Magic
 * Level 1.3(1.0) Poison Magic


You had 4 spell levels left.
You knew the following spells:

 Your Spells              Type           Power        Failure   Level  Hunger
a - Magic Dart            Conj           ###.         3%          1    None
b - Blink                 Tloc           N/A          10%         2    None
d - Conjure Flame         Conj/Fire      ##......     14%         3    ##.....
z - Mephitic Cloud        Conj/Pois/Air  ##......     16%         3    ##.....


Dungeon Overview and Level Annotations

Branches:
Dungeon (3/15)

Altars:

Annotations:
D:2 Terence


Message History

Aim: an orc wizard, wielding a dagger and wearing a robe (severely wounded, confused)
The magic dart hits something.
Something hits you.
You hit something. Something hits you but does no damage.
You hit something. Something hits you.
* * * LOW HITPOINT WARNING * * *
You hit something. Something hits you but does no damage.
You hit something. Something hits you.
* * * LOW HITPOINT WARNING * * *
You hit something. Something hits you.
* * * LOW HITPOINT WARNING * * *
You miss something. Something barely misses you.
You hit something but do no damage. Something barely misses you.
You hit something but do no damage. Something hits you.
* * * LOW HITPOINT WARNING * * *
You hit something but do no damage. Something hits you but does no damage.
You miss something.
You hear some strange, mumbled words.
A magic dart appears from out of thin air!
The magic dart hits you!
You die...

#.#####.# #
#.# #. #.#
##.#####.#
...o..(#.####
.......#....#
.......#.##.#
......{####.#
..)...)@....#
.....).######
.......
.......
.......
.......
#######


You could see an orc wizard (confused).

Vanquished Creatures
  Jessica (D:2)
  3 adders
  An ooze (D:2)
  2 dart slugs (D:1)
  2 leopard geckos
  4 orcs (D:3)
  3 giant cockroaches
  6 goblins
  4 hobgoblins
  4 jackals
  7 bats
  6 frilled lizards
  5 kobolds
  5 rats
53 creatures vanquished.

Notes
Turn   | Place    | Note
-------+----------+-------------------------------------------
     0 | D:1      | pk666 the Deep Elf Wizard began the quest for the Orb.
     0 | D:1      | Reached XP level 1. HP: 10/10 MP: 7/7
   578 | D:1      | Reached XP level 2. HP: 15/15 MP: 6/9
  1143 | D:2      | Noticed Jessica
  1146 | D:2      | Killed Jessica
  1146 | D:2      | Reached skill level 5 in Spellcasting
  1146 | D:2      | Reached XP level 3. HP: 19/19 MP: 6/11
  1150 | D:2      | Learned a level 2 spell: Blink
  1154 | D:2      | Learned a level 3 spell: Mephitic Cloud
  1158 | D:2      | Learned a level 3 spell: Conjure Flame
  1210 | D:2      | Noticed Terence
  1274 | D:2      | Reached skill level 1 in Short Blades
  1394 | D:1      | Reached XP level 4. HP: 24/24 MP: 8/13
  2289 | D:3      | Reached skill level 1 in Fire Magic
  2298 | D:3      | Reached skill level 1 in Poison Magic
  2396 | D:3      | Reached skill level 1 in Air Magic
  2658 | D:3      | HP: 1/24 [something (1)]
  2660 | D:3      | Killed from afar by an orc wizard

Skill      XL: |  1  2  3  4 |
---------------+-------------+-----
Dodging        | 3 |  3.3
Spellcasting   | 5 |  5.2
Conjurations   | 2 |  2.4
Short Blades   | 1 |  1.1
Fire Magic     | 1 |  1.0
Poison Magic   | 1 |  1.3
Air Magic      | 1 |  1.1
Stealth        | |  2.4
Summonings     | |  1.1
Translocations | |  1.1

Action                   |  1- 3 |  4- 6 || total
-------------------------+-------+-------++-------
Melee: Dagger            |       |    20 ||    20
 Cast: Magic Dart        |    56 |    88 ||   144
       Conjure Flame     |       |     4 ||     4
       Mephitic Cloud    |       |     3 ||     3
 Stab: Confused          |       |     1 ||     1
  Eat: Chunk             |     1 |     4 ||     5
Armor: Robe              |     7 |    21 ||    28
Dodge: Dodged            |    15 |    22 ||    37
